 Dungeon Crawl Stone Soup version 0.24-a0-335-g06ca16af6c (webtiles) character file.

Game seed: 9943633618149498404

209 MachJacob the Digger (level 5, -1/42 HPs)
             Began as a Deep Dwarf Earth Elementalist on May 20, 2019.
             Was a Follower of Makhleb.
             Slain by an orc
             ... wielding a +0 hand axe
              (5 damage)
             ... on level 2 of the Dungeon.
             The game lasted 00:10:36 (2564 turns).

MachJacob the Digger (DDEE)                         Turns: 2564, Time: 00:10:37

Health: -1/42      AC:  2    Str: 11    XL:     5   Next: 55%
Magic:  6/8        EV: 13    Int: 17    God:    Makhleb [*.....]
Gold:   121        SH:  0    Dex: 13    Spells: 3/9 levels left

rFire    . . .     SeeInvis .   m - +0 dagger
rCold    . . .     Gourm    .   (no shield)
rNeg     . . .     Faith    .   c - +0 robe
rPois    .         Spirit   .   (no helmet)
rElec    .         Reflect  .   (no cloak)
rCorr    .         Harm     .   (no gloves)
MR       .....                  (no boots)
Stlth    ++........             (no amulet)
HPRegen  0.00/turn              (no ring)
MPRegen  0.11/turn              (no ring)

@: non-regenerating
A: damage resistance, heal wounds, sense surroundings 1, no regeneration
a: Heal Wounds, Renounce Religion


You were on level 2 of the Dungeon.
You worshipped Makhleb.
Makhleb was aware of your devotion.
You were hungry.

You visited 1 branch of the dungeon, and saw 3 of its levels.

You collected 121 gold pieces.

Inventory:

Hand Weapons
 m - a +0 dagger (weapon)
Armour
 c - a +0 robe (worn)
Magical Staves
 l - an uncursed staff of air
Jewellery
 q - an uncursed amulet of faith {unknown}
Scrolls
 b - a scroll of identify
 f - a scroll of fog {unknown}
 g - a scroll of remove curse
 j - 3 scrolls of teleportation
 k - a scroll of immolation {unknown}
Potions
 e - a potion of haste
 i - a potion of curing
 n - a potion of brilliance
 o - a potion of ambrosia
 p - a potion of heal wounds {unknown}
Comestibles
 d - 6 rations


   Skills:
 + Level 3.3 Dodging
 - Level 2.4 Stealth
 + Level 2.6 Spellcasting
 * Level 1.9 Conjurations
 - Level 0.8 Transmutations
 * Level 6.2 Earth Magic


You had 3 spell levels left.
You knew the following spells:

 Your Spells              Type           Power        Failure   Level  Hunger
a - Sandblast             Erth           ###...       1%          1    #......
b - Passwall              Tmut/Erth      ##......     6%          2    ##.....
c - Stone Arrow           Conj/Erth      ###...       11%         3    ###....

Your spell library contained the following spells:

 Spells                   Type           Power        Failure   Level  Hunger
 Lee's Rapid Deconstruct  Erth           ###.......   36%         5    ######.
 Petrify                  Tmut/Erth      ##......     38%         4    #####..


Dungeon Overview and Level Annotations

Branches:
Dungeon (3/15)

Altars:
Makhleb

Annotations:
D:3 Grinder


Innate Abilities, Weirdness & Mutations

You are resistant to damage.
You can heal yourself by infusing magical energy.
You passively map a small area around you.
You do not regenerate.


Message History

The orc priest hits you but does no damage.
You hit the orc priest but do no damage.
The orc priest is severely wounded.
The orc priest mumbles some strange prayers to Beogh against you.
Pain shoots through your body!
* * * LOW HITPOINT WARNING * * *
You hit the orc priest.
You kill the orc priest!
Makhleb accepts your kill.
Things that are here:
a cursed -1 hunting sling; 6 poisoned darts
There is a stone staircase leading up here.
The orc hits you with a +0 hand axe.
You climb upwards.
There is a stone staircase leading down here.
The orc barely misses you.
You see here a +0 dagger.
You are feeling hungry.
The orc hits you with a +0 hand axe.
You die...

##..##.#..#######
#.#.#..##.......#
##..#.##.....รท..#
####.#.#.#.......#
#................#
#.###............#
#.#..............#
#.#o#............#
#.@...###.######## ###.###
#.######## #.# #........## #####
####.#####..#....... ....#####
#.......#...#....... #.......#
#.##.##.#........... #.......#
#.##................
#.......######.#####.###.#.....#.
..................##.# #....<....


You could see an orc.

Vanquished Creatures
  An orc priest (D:3)
  A bullfrog skeleton (D:3)
  8 adders
  An ooze (D:3)
  A dart slug (D:1)
  4 worms (D:2)
  A leopard gecko (D:2)
  4 orcs (D:3)
  A ball python (D:1)
  4 bats
  2 giant cockroaches
  5 goblins
  7 hobgoblins
  5 jackals
  6 kobolds
  4 frilled lizards
  6 rats
61 creatures vanquished.

Notes
Turn   | Place    | Note
-------+----------+-------------------------------------------
     0 | D:1      | MachJacob the Deep Dwarf Earth Elementalist began the quest
                  | for the Orb.
     0 | D:1      | Reached XP level 1. HP: 15/15 MP: 3/3
     1 | D:1      | Noticed a minotaur zombie
    14 | D:1      | Noticed a minotaur zombie
   346 | D:1      | Reached XP level 2. HP: 22/22 MP: 2/4
   371 | D:1      | Learned a level 2 spell: Passwall
   766 | D:2      | Reached XP level 3. HP: 28/28 MP: 3/6
   778 | D:2      | Reached skill level 5 in Earth Magic
  1037 | D:2      | Learned a level 3 spell: Stone Arrow
  1315 | D:2      | Found a burning altar of Makhleb.
  1339 | D:2      | Became a worshipper of Makhleb the Destroyer
  1384 | D:2      | Reached XP level 4. HP: 32/36 MP: 2/7
  1514 | D:2      | Reached skill level 1 in Conjurations
  2066 | D:3      | Reached * piety under Makhleb
  2165 | D:3      | Reached XP level 5. HP: 38/42 MP: 5/8
  2261 | D:3      | Reached skill level 6 in Earth Magic
  2398 | D:3      | Noticed Grinder
  2413 | D:3      | Paralysed by Grinder for 6 turns
  2427 | D:3      | Paralysed by Grinder for 7 turns
  2509 | D:3      | HP: 2/42 [orc priest/divine providence (12)]
  2564 | D:2      | Slain by an orc

Levels and vault maps discovered:
D:1:      shiori_arrival_whats_in_store_for_you, layout_rooms, minmay_tromino_v2
D:2:      layout_loops_cross, old_standard_altar, serial_park_tiny_pond
D:3:      layout_rooms, serial_bayou_lagoon_b, uniq_grinder

Skill      XL: |  1  2  3  4  5 |
---------------+----------------+-----
Spellcasting   | 2 |  2.6
Earth Magic    | 5 6 |  6.2
Dodging        | 3 |  3.3
Conjurations   | 1 |  1.9
Stealth        | |  2.4
Transmutations | |  0.8

Action                   |  1- 3 |  4- 6 || total
-------------------------+-------+-------++-------
Melee: Unarmed           |     1 |       ||     1
       Dagger            |       |   108 ||   108
 Cast: Sandblast         |    48 |    27 ||    75
       Stone Arrow       |       |     3 ||     3
 Abil: Heal Wounds       |       |     3 ||     3
  Use: Scroll            |     4 |     2 ||     6
 Stab: Distracted        |       |     1 ||     1
  Eat: Chunk             |     2 |     4 ||     6
Armor: Robe              |     1 |    14 ||    15
Dodge: Dodged            |    10 |    69 ||    79

Table legend:
 A = Non-vault XP
 B = Vault XP
 C = Vault XP percentage of total XP
 D = Non-vault monster count
 E = Vault monster count
 F = Vault count percentage of total count
                 A         B        C        D         E       F
            +---------+---------+-------+---------+---------+-------
      Total |     297 |       2 |   0.7 |      60 |       1 |   1.6
            +---------+---------+-------+---------+---------+-------
        D:1 |      29 |       2 |   6.5 |      16 |       1 |   5.9
        D:2 |     130 |       0 |   0.0 |      28 |       0 |   0.0
        D:3 |     138 |       0 |   0.0 |      16 |       0 |   0.0
            +---------+---------+-------+---------+---------+-------
